 Dungeon Sprint DCSS version 0.27-a0-819-g058290f16d (webtiles) character file.

Game seed: 6893731891224360095

5327 mhtbhm the Ninja (level 10, -7/76 HPs)
             Began as a Spriggan Brigand on Mar 30, 2021.
             Was a High Priest of Dithmenos.
             Mangled by a spriggan
             ... wielding a +0 dagger
              (14 damage)
             ... in the Dungeon (Sprint IV: "Fedhas' Mad Dash").
             The game lasted 00:03:32 (656 turns).

mhtbhm the Ninja (Spriggan Brigand)                  Turns: 656, Time: 00:03:33

Health: -7/76      AC:  3    Str:  7    XL:     10   Next: 38%
Magic:  5/12       EV: 17    Int: 19    God:    Dithmenos [*****.]
Gold:   214        SH:  0    Dex: 20    Spells: 9/9 levels left

rFire    . . .     SeeInvis +   a - +2 dagger
rCold    . . .     Faith    .   (shield restricted)
rNeg     . . .     Spirit   .   b - +0 robe
rPois    .         Reflect  .   (helmet restricted)
rElec    .         Harm     .   c - +0 cloak
rCorr    .         Rampage  .   (gloves unavailable)
Will     +....     NoTele   +   (boots unavailable)
Stlth    ..........             l - amulet of invisibility {+Inv}
HPRegen  0.22/turn              n - +6 ring of intelligence
MPRegen  0.13/turn              (no ring)

@: berserking (expiring), very slightly contaminated, hasted, wreathed by umbra,
invisible, very quick
A: very small, no large weapons, unfitting armour, see invisible, speed 3
a: Renounce Religion, Evoke Invisibility, Shadow Step, Shadow Form


You were in the Dungeon.
You worshipped Dithmenos.
Dithmenos was extremely pleased with you.
You visited 1 branch You collected 214 gold pieces.

Inventory:

Hand Weapons
 a - a +2 dagger (weapon)
Missiles
 d - 8 poisoned darts
 e - 2 curare-tipped darts (quivered)
Armour
 b - a +0 robe (worn)
 c - a +0 cloak (worn)
Magical Staves
 q - a staff of air
Jewellery
 l - the amulet of invisibility (around neck) {+Inv}
   (You found it in the Dungeon)

   [amulet of nothing]

   It lets you turn invisible.
 n - a +6 ring of intelligence (left hand)
Wands
 o - a wand of paralysis (11)
 s - a wand of iceblast (5)
Scrolls
 k - a scroll of blinking
 m - a scroll of acquirement {unknown}
 p - a scroll of identify {unknown}
 r - a scroll of enchant weapon {unknown}
Potions
 f - 2 potions of curing
 g - a potion of heal wounds
 i - 2 potions of magic


   Skills:
 + Level 5.0 Fighting
 + Level 9.4 Short Blades
 + Level 5.5 Throwing
 + Level 1.8 Dodging
 O Level 27 Stealth
 + Level 1.7 Invocations
 + Level 11.0 Evocations


You had 9 spell levels left.
You didn't know any spells.
Your spell library contained the following spells:

 Spells                   Type           Power      Damage    Failure   Level
 Animate Skeleton         Necr           0%         N/A       21%         1
 Apportation              Tloc           0%         N/A       21%         1
 Corona                   Hex            0%         N/A       21%         1
 Summon Small Mammal      Summ           0%         N/A       21%         1


Dungeon Overview and Level Annotations

Branches:
Dungeon (1/1)

Altars:
Cheibriados
Dithmenos
Elyvilon
Gozag
Hepliaklqana
Kikubaaqudgha
Makhleb
Nemelex Xobeh
Okawaru
Qazlal
Ru
Sif Muna
Trog
Uskayaw
Vehumet
Wu Jian
Xom
Yredelemnul
Zin
The Shining One
Beogh
Jiyva
Lugonu

Shops:
D =([[(


Innate Abilities, Weirdness & Mutations

You are very small and have problems with some larger weapons.
You are too small for most types of armour.
You have supernaturally acute eyesight. (SInv)
You cover ground extremely quickly. (Speed+++)


Message History

The spriggan rider is severely wounded.
Unknown command.
You puncture the spriggan rider!
You kill the spriggan!
Dithmenos accepts your kill.
The hornet is severely wounded.
You have mastered Stealth!
Unknown command.
You catch the helpless hornet completely off-guard!
You spit the hornet like a pig!!!!
You kill the hornet!
Dithmenos accepts your kill.
Your Fighting skill increases to level 5!
Your Evocations skill increases to level 11!
Unknown command.
Unknown command.
Unknown command.
You barely miss the spriggan. The spriggan closely misses you.
You closely miss the spriggan. You puncture the spriggan!
The spriggan is moderately wounded.
You closely miss the spriggan.
The spriggan is moderately wounded.
Your shadow misses the spriggan. The spriggan barely misses you.
You miss the spriggan.
The spriggan is moderately wounded.
You completely miss the spriggan.
The spriggan is moderately wounded.
You closely miss the spriggan.
The spriggan is moderately wounded.
The spriggan completely misses you.
You miss the spriggan.
The spriggan is moderately wounded.
You barely miss the spriggan.
The spriggan is moderately wounded.
Your shadow hits the spriggan with a dagger.
You barely miss the spriggan.
The spriggan is moderately wounded.
The spriggan hits you with a +0 dagger!
You die...

####################
_.⌠.#..'..)#.†..##∩#
._..'..#.†.#....'..#
_...#.)###'##.[.##∩# ####
._..#..##∩∩.'...#### ....#
_.⌠.#################...∩#
#########....§§###§....♣
###.'.['.....§§§@i§..♣
##..#..#.P...§§#######
###.##+##.P..§§# '...#
######## #####


You could see a spriggan.

Vanquished Creatures
  A spriggan druid (D)
  6 oklob plants (D)
  3 burning bushes (D)
  A demonic crawler (D)
  A queen bee (D)
  3 wandering mushrooms (D)
  A hornet (D)
  3 scorpions (D)
  4 killer bees (D)
  5 oklob saplings (D)
  4 spriggans (D)
  A river rat (D)
  A rat (D)
  A ballistomycete spore (D)
35 creatures vanquished.

Notes
Turn   | Place    | Note
-------+----------+-------------------------------------------
     0 | D        | mhtbhm the Spriggan Brigand began the quest for the Orb.
     0 | D        | Reached XP level 1. HP: 10/10 MP: 2/2
    10 | D        | Reached skill level 8 in Stealth
    10 | D        | Reached XP level 2. HP: 15/15 MP: 3/3
    23 | D        | Noticed an oklob sapling
    25 | D        | Killed an oklob sapling
    26 | D        | Reached skill level 10 in Stealth
    26 | D        | Reached XP level 3. HP: 18/18 MP: 4/4
    28 | D        | Noticed a scorpion
    29 | D        | Found the amulet of invisibility {+Inv}
    34 | D        | Killed a scorpion
    35 | D        | Reached skill level 12 in Stealth
    35 | D        | Reached XP level 4. HP: 23/23 MP: 5/5
    58 | D        | Reached skill level 13 in Stealth
    90 | D        | Found an opulent altar of Gozag.
    90 | D        | Found a hazy altar of Hepliaklqana.
    90 | D        | Found a burning altar of Makhleb.
    90 | D        | Found a sparkling altar of Nemelex Xobeh.
    90 | D        | Found a snail-covered altar of Cheibriados.
    90 | D        | Found a sacrificial altar of Ru.
    90 | D        | Found a shimmering blue altar of Sif Muna.
    90 | D        | Found a shimmering altar of Xom.
    90 | D        | Found a basalt altar of Yredelemnul.
    91 | D        | Found a viscous altar of Jiyva.
    91 | D        | Found a bloodstained altar of Trog.
    91 | D        | Found an ornate altar of the Wu Jian Council.
    92 | D        | Found an iron altar of Okawaru.
    92 | D        | Found a shadowy altar of Dithmenos.
    92 | D        | Found a glowing silver altar of Zin.
    93 | D        | Found an ancient bone altar of Kikubaaqudgha.
    93 | D        | Found a hide-covered altar of Uskayaw.
    94 | D        | Found a stormy altar of Qazlal.
    94 | D        | Found a white marble altar of Elyvilon.
    94 | D        | Found a glowing golden altar of the Shining One.
    95 | D        | Found a corrupted altar of Lugonu.
    95 | D        | Found a radiant altar of Vehumet.
    99 | D        | Reached skill level 14 in Stealth
    99 | D        | Reached skill level 1 in Evocations
    99 | D        | Reached XP level 5. HP: 28/28 MP: 3/6
   101 | D        | Became a worshipper of Dithmenos the Shadowed
   111 | D        | Reached skill level 15 in Stealth
   166 | D        | Noticed a queen bee
   173 | D        | Killed a queen bee
   174 | D        | Reached skill level 5 in Short Blades
   174 | D        | Reached skill level 17 in Stealth
   174 | D        | Reached XP level 6. HP: 32/32 MP: 4/7
   174 | D        | Reached * piety under Dithmenos
   175 | D        | Reached skill level 18 in Stealth
   178 | D        | Reached XP level 7. HP: 37/37 MP: 4/8
   178 | D        | Reached ** piety under Dithmenos
   180 | D        | Noticed an oklob plant
   183 | D        | Killed an oklob plant
   184 | D        | Reached skill level 20 in Stealth
   184 | D        | Reached skill level 5 in Evocations
   184 | D        | Reached XP level 8. HP: 42/42 MP: 5/9
   237 | D        | Noticed a burning bush
   240 | D        | Killed a burning bush
   241 | D        | Reached skill level 5 in Throwing
   241 | D        | Reached skill level 21 in Stealth
   250 | D        | Noticed a burning bush
   250 | D        | Noticed an oklob plant
   251 | D        | Noticed a wandering mushroom
   252 | D        | Killed a burning bush
   253 | D        | Reached skill level 22 in Stealth
   256 | D        | Killed an oklob plant
   257 | D        | Killed a wandering mushroom
   257 | D        | Reached *** piety under Dithmenos
   258 | D        | Reached skill level 23 in Stealth
   258 | D        | Reached XP level 9. HP: 43/46 MP: 3/10
   285 | D        | Noticed a spriggan druid
   286 | D        | Killed a spriggan druid
   287 | D        | Reached skill level 24 in Stealth
   308 | D        | Noticed an oklob plant conjurer
   309 | D        | Killed an oklob plant conjurer
   400 | D        | Reached **** piety under Dithmenos
   435 | D        | Found Tawusuq's Weapon Shop.
   435 | D        | Found Rugicoure's Jewellery Emporium.
   469 | D        | Noticed a burning bush
   469 | D        | Noticed a wandering mushroom
   470 | D        | Noticed a wandering mushroom
   471 | D        | Killed a burning bush
   472 | D        | Reached skill level 25 in Stealth
   474 | D        | Killed a wandering mushroom
   474 | D        | Reached ***** piety under Dithmenos
   477 | D        | Killed a wandering mushroom
   482 | D        | Found Tahog's Armour Emporium.
   482 | D        | Found Hilesueg's Antique Armour Shoppe.
   572 | D        | Noticed an oklob plant
   572 | D        | Noticed an oklob plant summoner
   573 | D        | Noticed an oklob plant shifter
   574 | D        | Killed an oklob plant
   575 | D        | Reached skill level 26 in Stealth
   575 | D        | Reached XP level 10. HP: 47/51 MP: 4/11
   576 | D        | Killed an oklob plant shifter
   577 | D        | Reached skill level 1 in Invocations
   577 | D        | Reached skill level 10 in Evocations
   578 | D        | Killed an oklob plant summoner
   625 | D        | Noticed a spriggan rider
   626 | D        | Found Ysiecian's Weapon Emporium.
   646 | D        | Reached skill level 27 in Stealth
   647 | D        | Reached skill level 5 in Fighting
   656 | D        | Mangled by a spriggan

Illustrated notes

Levels and vault maps discovered:
D:        dungeon_sprint_fedhas [sprint_temple]

Skill      XL: |  1  2  3  4  5  6  7  8  9 10 |
---------------+-------------------------------+-----
Stealth        | 8 10 12 14 17 18 20 23 26 27 | 27.0
Fighting       | 2 3 4 5 |  5.0
Short Blades   | 3 4 5 6 8 9 |  9.4
Throwing       | 3 4 5 |  5.5
Evocations     | 1 3 4 5 7 9 11 | 11.0
Invocations    | 1 |  1.7
Dodging        | |  1.8

Action                   |  1- 3 |  4- 6 |  7- 9 | 10-12 || total
-------------------------+-------+-------+-------+-------++-------
Melee: Dagger            |     5 |     7 |    28 |    26 ||    66
Throw: Dart              |     1 |       |       |       ||     1
Invok: Shadow Step       |       |       |     3 |     1 ||     4
 Abil: Evoke Invisibilit |       |     2 |     4 |     1 ||     7
  Use: Potion            |       |       |       |     2 ||     2
 Stab: Sleeping          |     2 |     7 |    17 |     3 ||    29
       Invisible         |       |       |       |     1 ||     1
Dodge: Dodged            |     2 |       |     5 |     8 ||    15

Table legend: (Time is in decaauts)
 A = Elapsed time spent in this place.
 B = Non-inter-level travel time spent in this place.
 C = Inter-level travel time spent in this place.
 D = Time resting spent in this place.
 E = Time spent auto-exploring this place.
 F = Levels seen in this place.
 G = Mean time per level.
                   A        B        C        D        E       F      G
               +--------+--------+--------+--------+--------+-----+--------+
         Total |    485 |    452 |     33 |    146 |      0 |   1 |  485.0 |
       Dungeon |    485 |    452 |     33 |    146 |      0 |   1 |  485.0 |
               +--------+--------+--------+--------+--------+-----+--------+

Top non-repeatable levels by time:
       D: 485 daAuts
